 Dungeon Crawl Stone Soup version 0.29.0-5-ge4962eb29e (webtiles) character file.

Game seed: 8467433207183764556

70 RascalDebosk the Shield-Bearer (level 4, 0/44 HPs)
             Began as a Troll Fighter on Aug 28, 2022.
             Slain by a hobgoblin (2 damage)
             ... led by Robin
             ... on level 2 of the Dungeon.
             The game lasted 00:11:28 (839 turns).

RascalDebosk the Shield-Bearer (Troll Fighter)       Turns: 839, Time: 00:11:30

Health: 0/44       AC:  4    Str: 24    XL:     4   Next: 3%
Magic:  3/3        EV:  9    Int:  4    God:
Gold:   88         SH:  7    Dex: 11    Spells: 3/3 levels left

rFire   . . .      SeeInvis .     - Unarmed
rCold   . . .      Faith    .   b - +0 kite shield
rNeg    . . .      Spirit   .   a - +0 robe
rPois   .          Reflect  .   (helmet restricted)
rElec   .          Harm     .   (no cloak)
rCorr   .          Rampage  .   (gloves unavailable)
Will    .....                   (boots unavailable)
Stlth   +.........              l - amulet of magic regeneration
HPRegen 0.94/turn               (no ring)
MPRegen 0.48/turn               (no ring)

@: no status effects
A: large, unfitting armour, claws 3, regeneration 1, shaggy fur 1, tough skin 1
a: no special abilities


You were on level 2 of the Dungeon.
You visited 1 branch of the dungeon, and saw 2 of its levels.

You collected 88 gold pieces.

Inventory:

Missiles
 e - 5 poisoned darts (quivered)
Armour
 a - a +0 robe (worn)
 b - a +0 kite shield (worn)
Jewellery
 i - a ring of wizardry
 l - an amulet of magic regeneration (around neck)
Scrolls
 f - a scroll of vulnerability {unknown}
 h - a scroll of silence {unknown}
 j - a scroll of magic mapping {unknown}
 k - 2 scrolls of identify {unknown}
Potions
 c - a potion of might
 d - 4 potions of curing
 g - a potion of invisibility {unknown}
 m - a potion of lignification {unknown}
 n - a potion of cancellation {unknown}


   Skills:
 + Level 2.8 Fighting
 + Level 1.2 Throwing
 + Level 2.8 Dodging
 + Level 3.1 Shields
 + Level 2.5 Unarmed Combat


You had 3 spell levels left.
You didn't know any spells.
Your spell library was empty.

Dungeon Overview and Level Annotations

Branches:
Dungeon (2/15)

Altars:


Innate Abilities, Weirdness & Mutations

You are too large for most types of armour.
You have claws for hands.
Your natural rate of healing is unusually fast.
You are covered in fur. (AC +1)
You have tough skin. (AC +1)


Message History

Robin hits you with a +0 dagger. You block the goblin's attack. x2
The hobgoblin hits you. The goblin hits you with a +0 club.
You scratch Robin.
Robin is almost dead.
Robin hits you but does no damage. You block the goblin's attack. x2
The goblin closely misses you. The goblin barely misses you.
The hobgoblin hits you. The goblin barely misses you.
You claw Robin!
You kill Robin!
The goblin barely misses you. The goblin hits you with a +0 dagger.
The hobgoblin barely misses you. You block the goblin's attack.
You have reached level 4!
You closely miss the goblin. The goblin closely misses you.
You block the goblin's attack. The goblin barely misses you.
The goblin closely misses you.
The hobgoblin hits you but does no damage.
You block the goblin's attack. You block the hobgoblin's attack.
The goblin closely misses you.
You barely miss the goblin. The goblin hits you but does no damage.
The goblin hits you with a +0 club. The goblin closely misses you. x2
The hobgoblin hits you but does no damage.
The goblin hits you but does no damage. The hobgoblin closely misses you.
The goblin hits you with a +0 club.
* * * LOW HITPOINT WARNING * * *
The goblin hits you but does no damage.
The hobgoblin hits you but does no damage.
The goblin hits you but does no damage. x2
The goblin hits you with a +0 dagger.
* * * LOW HITPOINT WARNING * * *
The hobgoblin hits you.
* * * LOW HITPOINT WARNING * * *
The goblin closely misses you.
You closely miss the goblin. The goblin hits you with a +0 club.
* * * LOW HITPOINT WARNING * * *
The goblin hits you with a +0 club.
* * * LOW HITPOINT WARNING * * *
The goblin completely misses you.
The hobgoblin hits you but does no damage.
You block the goblin's attack. The hobgoblin hits you.
You die...

#..........'..........
#..........#.....g....
#.#............###+###..
#.........).##.# .
##..........##.#
##.........##.#####
#......g..##.....#
#.....ggg.##.....#
#..[..g@g.##.....#######
#.....ggg..............#
###.......######.#######
#.......# #..# #.......#
#..# #.......# #..##+##
#.......#.. #......#
#.......#..###..#...#
######.###......#####


You could see 3 hobgoblins and 6 goblins.

Vanquished Creatures
  Terence (D:2)
  Robin (D:2)
  5 endoplasms
  2 goblins
  3 hobgoblins
  A quokka (D:1)
  9 ball pythons
  3 bats (D:1)
  5 frilled lizards (D:1)
  3 kobolds
  2 rats (D:1)
35 creatures vanquished.

Notes
Turn   | Place    | Note
-------+----------+-------------------------------------------
     0 | D:1      | RascalDebosk the Troll Fighter began the quest for the Orb.
     0 | D:1      | Reached XP level 1. HP: 22/22 MP: 0/0
   194 | D:1      | Reached XP level 2. HP: 29/29 MP: 1/1
   701 | D:2      | Noticed Terence
   712 | D:2      | Killed Terence
   713 | D:2      | Reached skill level 1 in Throwing
   713 | D:2      | Reached skill level 3 in Shields
   713 | D:2      | Reached XP level 3. HP: 32/36 MP: 2/2
   813 | D:2      | Identified the +1 helmet "Idisy" {rC+ Will+}
   813 | D:2      | Noticed Robin
   836 | D:2      | Killed Robin
   837 | D:2      | Reached XP level 4. HP: 17/44 MP: 3/3
   839 | D:2      | HP: 2/44 [goblin/+0 club[Robin] (5)]
   839 | D:2      | Slain by a hobgoblin

Illustrated notes

Levels and vault maps discovered:
D:1:      minmay_arrival_plants_in_alcoves, layout_loops_ring
D:2:      layout_basic, shapermc_ecumenical_altar_mp_vishouse, uniq_robin,
          uniq_terence

Skill      XL: |  1  2 |
---------------+-------+-----
Throwing       | 1 |  1.2
Shields        | 3 |  3.1
Fighting       | |  2.8
Dodging        | |  2.8
Unarmed Combat | |  2.5

Action                   |  1- 3 |  4- 6 || total
-------------------------+-------+-------++-------
Melee: Unarmed           |   102 |     3 ||   105
Throw: Dart              |     3 |       ||     3
Armor: Robe              |    34 |     9 ||    43
Dodge: Dodged            |    43 |     9 ||    52
Block: Kite shield       |    42 |     4 ||    46
